 Dungeon Crawl Stone Soup version 0.29.0-13-gc9e81de378 (webtiles) character file.

Game seed: 5088696566179074615

51 Artool the Cudgeller (level 3, -4/28 HPs)
             Began as a Demonspawn Gladiator on Sept 7, 2022.
             Slain by Terence
             ... wielding a +0 mace
              (5 damage)
             ... on level 2 of the Dungeon.
             The game lasted 00:02:32 (1927 turns).

Artool the Cudgeller (Demonspawn Gladiator)         Turns: 1927, Time: 00:02:33

Health: -4/28      AC:  9    Str: 16    XL:     3   Next: 58%
Magic:  3/3        EV: 12    Int:  9    God:
Gold:   64         SH:  0    Dex: 14    Spells: 2/2 levels left

rFire   . . .      SeeInvis .   k - +0 whip
rCold   . . .      Faith    +   (no shield)
rNeg    . . .      Spirit   .   b - +0 leather armour
rPois   .          Reflect  .   (helmet restricted)
rElec   .          Harm     .   (no cloak)
rCorr   .          Rampage  .   (no gloves)
Will    .....                   (no boots)
Stlth   +.........              n - amulet of faith
HPRegen 0.09/turn               (no ring)
MPRegen 0.08/turn               (no ring)

@: sanguine armoured
A: antennae 1, sanguine armour 1
a: no special abilities


You were on level 2 of the Dungeon.
You visited 1 branch of the dungeon, and saw 2 of its levels.

You collected 64 gold pieces.

Inventory:

Hand Weapons
 a - a +0 flail
 k - a +0 whip (weapon)
Missiles
 d - 3 throwing nets (quivered)
 e - a javelin
Armour
 b - a +0 leather armour (worn)
 c - a +0 helmet
Jewellery
 n - an amulet of faith (around neck)
Scrolls
 f - 4 scrolls of identify {unknown}
 g - a scroll of teleportation {unknown}
 l - a scroll of fear {unknown}
Potions
 h - a potion of mutation {unknown}
 i - 2 potions of resistance {unknown}
 j - 2 potions of flight {unknown}
 m - a potion of heal wounds {unknown}
 o - a potion of haste {unknown}


   Skills:
 + Level 2.5 Fighting
 + Level 3.1 Maces & Flails
 - Level 2.0 Throwing
 + Level 1.1 Armour
 + Level 3.1 Dodging


You had 2 spell levels left.
You didn't know any spells.
Your spell library was empty.

Dungeon Overview and Level Annotations

Branches:
Dungeon (2/15)

Altars:

Shops:
D:1 !:   D:2 :

Annotations:
D:2 Terence


Innate Abilities, Weirdness & Mutations

You have a pair of small antennae on your head.
When seriously injured, your blood forms armour. (AC +6)


Message History

You hit Terence but do no damage. Terence barely misses you.
You closely miss Terence. You punch Terence, but do no damage.
Terence barely misses you.
You closely miss Terence. Terence barely misses you.
You hit Terence.
Terence is lightly wounded.
Terence hits you with a +0 mace.
You hit Terence.
Terence is moderately wounded.
Terence hits you but does no damage.
You hit Terence but do no damage.
Terence is moderately wounded.
Terence barely misses you.
You barely miss Terence.
Terence is moderately wounded.
Terence completely misses you.
You hit Terence.
Terence is moderately wounded.
Terence barely misses you.
You closely miss Terence.
Terence is moderately wounded.
Terence hits you with a +0 mace.
* * * LOW HITPOINT WARNING * * *
You hit Terence but do no damage.
Terence is moderately wounded.
Terence barely misses you.
You completely miss Terence.
Terence is moderately wounded.
Terence hits you but does no damage.
You hit Terence but do no damage.
Terence is moderately wounded.
Terence closely misses you.
You barely miss Terence.
Terence is moderately wounded.
Terence hits you with a +0 mace.
* * * LOW HITPOINT WARNING * * *
You closely miss Terence.
Terence is moderately wounded.
Terence hits you with a +0 mace.
You die...

#....# #.#. #....#
###.#. #....# #.....
#....######.###.
#....##...#.###. #
#....##.#.#..... #..
#....##.#.#####.
.....########.....###
#.
.....r@@...##.#.....#
#.
....######'##.#####.#
#. . #<...........#.#
#.
#.##.....###.#.###.
#.....# #.#...#.
#.....# #.###.#.
#.....# #..)#...
#.....# ###.####
#.....# #.....


You could see Terence and a rat.

Vanquished Creatures
  3 dart slugs
  6 endoplasms
  2 giant cockroaches (D:1)
  3 goblins
  5 hobgoblins (D:1)
  3 jackals (D:1)
  2 quokkas
  2 ball pythons (D:2)
  4 bats (D:1)
  3 frilled lizards
  4 kobolds
  3 rats
40 creatures vanquished.

Notes
Turn   | Place    | Note
-------+----------+-------------------------------------------
     0 | D:1      | Artool the Demonspawn Gladiator began the quest for the
                  | Orb.
     0 | D:1      | Reached XP level 1. HP: 16/16 MP: 1/1
   153 | D:1      | Found a faded altar of an unknown god.
   169 | D:1      | Gained mutation: When seriously injured, your blood forms
                  | armour. (AC +6) [demonic ancestry]
   169 | D:1      | Reached XP level 2. HP: 14/22 MP: 2/2
   273 | D:1      | Found Etwimn's Distillery.
   879 | D:1      | Reached skill level 1 in Armour
   879 | D:1      | Gained mutation: You have a pair of small antennae on your
                  | head. [demonic ancestry]
   879 | D:1      | Reached XP level 3. HP: 28/28 MP: 3/3
   994 | D:1      | Found Ciclurgh's Book Emporium.
  1287 | D:2      | Found Gas Miun's Book Shoppe.
  1906 | D:2      | Noticed Terence
  1926 | D:2      | HP: 1/28 [Terence/+0 mace (6)]
  1927 | D:2      | Slain by Terence

Illustrated notes

Levels and vault maps discovered:
D:1:      minmay_arrival_five_plusses, layout_basic, serial_shops, shop, shop,
          ebering_ecumenical_altar_hall, minmay_stone_trees_small
D:2:      layout_basic, serial_shops, shop, basic_altar, uniq_terence

Skill      XL: |  1  2 |
---------------+-------+-----
Throwing       | 2 |  2.0
Maces & Flails | 3 |  3.1
Dodging        | 3 |  3.1
Armour         | 1 |  1.1
Fighting       | |  2.5

Action                   || total
-------------------------++-------
Melee: Flail             ||    84
       Whip              ||    81
       Punch             ||     1
 Stab: Sleeping          ||     1
Armor: Leather armour    ||    59
Dodge: Dodged            ||   112
